 Dungeon Crawl Stone Soup version 0.19.0-2-gae57169 (webtiles) character file.

777 Inkary the Chopper (level 8, -2/96 HPs)
             Began as a Formicid Fighter on Nov 3, 2016.
             Slain by Pikel
             ... wielding a +2 whip of freezing
              (4 damage)
             ... on level 5 of the Dungeon.
             The game lasted 00:05:50 (3163 turns).

Inkary the Chopper (Formicid Fighter)               Turns: 3163, Time: 00:05:51

Health: -2/96      AC: 20    Str: 29    XL:     8   Next: 10%
Magic:  8/8        EV:  2    Int: 12    God:
Gold:   244        SH: 11    Dex: 10    Spells: 0 memorised, 7 levels left

rFire  . . .     SeeInvis .     u - +2 hand axe (venom)
rCold  . . .     Gourm    .     (armour currently unavailable)
rNeg   + + +     Faith    .     c - +0 shield
rPois  +         Spirit   .     (helmet unavailable)
rElec  .         Reflect  .     (cloak currently unavailable)
rCorr  .         Harm     .     (gloves currently unavailable)
MR     .....                    (boots currently unavailable)
Stlth  +.........               (no amulet)
                                (no ring)
                                (no ring)

@: mighty, brilliant, tree-form, corroded
A: permanent stasis, dig shafts and tunnels, four strong arms, (antennae 0)
a: no special abilities


You were on level 5 of the Dungeon.
You were very hungry.
You were a tree.
You visited 1 branch of the dungeon, and saw 5 of its levels.
You also visited: Sewer.

You collected 342 gold pieces.
You spent 98 gold pieces at shops.

Inventory:

Hand Weapons
 u - a +2 hand axe of venom (weapon)
Armour
 c - a +0 shield (worn)
 e - a +0 pair of gloves (melded)
 n - a cursed +0 chain mail (melded)
Wands
 v - a wand of iceblast (9/15)
Scrolls
 h - 3 scrolls of fear {unknown}
 i - a scroll of recharging {unknown}
 m - a scroll of random uselessness {unknown}
 p - 2 scrolls of enchant armour {unknown}
 q - 4 scrolls of identify {unknown}
 s - a scroll of magic mapping {unknown}
 t - 3 scrolls of teleportation {unknown}
 w - a scroll of silence {unknown}
 x - 2 scrolls of remove curse {unknown}
Potions
 a - a potion of magic {unknown}
 b - a potion of curing {unknown}
 k - a potion of degeneration {unknown}
 l - a potion of resistance {unknown}
 o - 2 potions of lignification
 z - a potion of cancellation {unknown}
 B - a potion of heal wounds {unknown}
Comestibles
 f - 2 bread rations
 g - 2 beef jerkies
 j - 3 meat rations
 A - 2 royal jellies


   Skills:
 + Level 5.8 Fighting
 * Level 6.2 Axes
 - Level 3.2 Armour
 + Level 6.1 Shields


You had 7 spell levels left.
You didn't know any spells.

Dungeon Overview and Level Annotations

Branches:
Dungeon (5/15)
 Temple: D:4-7

Altars:
Elyvilon
Fedhas
Trog

Shops:
D:4 *

Annotations:
D:5 Pikel


Innate Abilities, Weirdness & Mutations

You are under a permanent stasis effect.
You can dig through walls and to a lower floor.
Your four strong arms can wield two-handed weapons with a shield.
((You have a pair of large antennae on your head. (SInv)))


Message History

You are splashed with acid!
The acid burns!
It is a wand of acid.
Pikel zaps a wand.
The bolt of acid hits you!
You are splashed with acid!
The acid burns!
* * * LOW HITPOINT WARNING * * *
Things that are here:
a jackal corpse x3
You slash Pikel!
Pikel is moderately wounded.
Pikel hits you with a whip of freezing!
* * * LOW HITPOINT WARNING * * *
Pikel freezes you.
* * * LOW HITPOINT WARNING * * *
It was a potion of lignification.
You turn into a tree.
Your +0 pair of gloves melds into your body.
Your cursed +0 chain mail melds into your body.
Your roots penetrate the ground.
You block Pikel's attack.
It was a potion of brilliance.
You feel clever all of a sudden. Pikel hits you with a whip of freezing.
You die...

#...p .... #... ##.....
.... ###...... .... #...
#.# ...# ###p# #..# ...#
#...##.(#
..p######.##...#
{.p##..p..#..########.#
{{%#..#####$.ppKā™£.....#
...#.## #..#########...
##.#.# ##...#
##...###...###
.........#. ........##.
........##.# ........# .#
........# .#


You could see Pikel and 2 slaves.

Vanquished Creatures
  An ice beast (D:5)
  A slave (D:5)
  A black bear (D:4)
  2 bullfrogs (Sewer)
  2 scorpions (D:5)
  A howler monkey (D:4)
  A crimson imp (D:5)
  2 orc priests
  An iguana (D:4)
  A hound zombie (D:5)
  8 adders
  2 worms
  3 dart slugs
  7 leopard geckos
  6 orcs
  15 giant cockroaches
  9 hobgoblins
  17 jackals
  2 quokkas
  4 ball pythons (Sewer)
  9 bats
  5 frilled lizards
  3 goblins
  6 kobolds
  6 rats
115 creatures vanquished.

Notes
Turn   | Place    | Note
-------+----------+-------------------------------------------
     0 | D:1      | Inkary the Formicid Fighter began the quest for the Orb.
     0 | D:1      | Reached XP level 1. HP: 18/18 MP: 1/1
    76 | D:1      | Reached XP level 2. HP: 24/24 MP: 2/2
   365 | D:1      | Reached XP level 3. HP: 29/30 MP: 3/3
   703 | D:2      | Found a bloodstained altar of Trog.
   880 | D:2      | Reached XP level 4. HP: 29/37 MP: 4/4
  1315 | D:2      | Found a white marble altar of Elyvilon.
  1400 | D:2      | Reached XP level 5. HP: 43/43 MP: 5/5
  1485 | D:3      | Found a blossoming altar of Fedhas.
  1736 | D:3      | Reached XP level 6. HP: 42/49 MP: 6/6
  2050 | D:4      | Reached skill level 5 in Shields
  2257 | D:4      | Found Opallo's Assorted Antiques.
  2265 | D:4      | Bought a scroll labeled AFEDUU UXAIKATS for 17 gold pieces
  2265 | D:4      | Bought a smoky white potion for 15 gold pieces
  2265 | D:4      | Bought a scroll labeled GIEXOA ZAEROO for 17 gold pieces
  2265 | D:4      | Bought a scroll labeled JASOECV DAAHA for 17 gold pieces
  2265 | D:4      | Bought a scroll labeled IBYZUI GACLO for 17 gold pieces
  2265 | D:4      | Bought an amethyst potion for 15 gold pieces
  2661 | D:4      | Noticed a black bear
  2676 | D:4      | Killed a black bear
  2676 | D:4      | Reached skill level 5 in Fighting
  2676 | D:4      | Reached skill level 5 in Axes
  2676 | D:4      | Reached XP level 7. HP: 41/56 MP: 7/7
  2748 | D:5      | Entered Level 5 of the Dungeon
  2790 | D:5      | Found a glowing drain.
  2804 | Sewer    | Entered a sewer
  3117 | D:5      | Noticed Pikel
  3159 | D:5      | Reached XP level 8. HP: 64/64 MP: 8/8
  3161 | D:5      | HP: 2/64 [Pikel/whip of freezing (8)]
  3163 | D:5      | Slain by Pikel

Skill      XL: |  1  2  3  4  5  6  7 |
---------------+----------------------+-----
Fighting       | 4 5 |  5.8
Axes           | 3 4 5 6 |  6.2
Shields        | 4 5 6 |  6.1
Armour         | |  3.2

Action                   |  1- 3 |  4- 6 |  7- 9 || total
-------------------------+-------+-------+-------++-------
Melee: War axe           |   111 |   160 |       ||   271
       Hand axe          |       |    14 |   102 ||   116
 Abil: Dig               |     1 |     1 |       ||     2
  Use: Potion            |       |       |     3 ||     3
  Eat: Chunk             |       |     6 |     1 ||     7
Armor: Scale mail        |    43 |       |       ||    43
       Chain mail        |    24 |    94 |    40 ||   158
Dodge: Dodged            |    32 |    51 |    20 ||   103
Block: Shield            |    67 |    94 |    73 ||   234
